 Dungeon Crawl Stone Soup version 0.30.0-30-g96aa6591b8 (webtiles) character file.

Game seed: 14981076709035565109

84 GimliDwarf the Cruncher (level 4, -7/32 HPs)
             Began as a Gnoll Wanderer on June 27, 2023.
             Splashed by a jelly's acid (12 damage)
             ... on level 3 of the Dungeon.
             The game lasted 00:05:53 (2155 turns).

GimliDwarf the Cruncher (Gnoll Wanderer)            Turns: 2155, Time: 00:05:54

Health: -7/32      AC: -9    Str:  9    XL:     4   Next: 45%
Magic:  8/8        EV: 12    Int: 13    God:
Gold:   125        SH:  0    Dex: 14    Spells: 7/9 levels left

rFire   . . .        a - +2 quarterstaff
rCold   . . .        (shield currently unavailable)
rNeg    . . .        d - +0 robe
rPois   .            (no helmet)
rElec   .            (no cloak)
rCorr   .            (no gloves)
SInv    .            (no boots)
Will    .....        (no amulet)
Stlth   +++          (no ring)
HPRegen 0.25/turn    (no ring)
MPRegen 0.11/turn

%: no passive effects
@: corroded
A: fangs 1, strong nose, distributed training
a: no special abilities


You were on level 3 of the Dungeon.
You visited 1 branch of the dungeon, and saw 3 of its levels.

You collected 125 gold pieces.

Inventory:

Hand Weapons
 a - a +2 quarterstaff (weapon)
 i - a +2 dagger of freezing
Missiles
 l - 9 poisoned darts
Armour
 d - a +0 robe (worn)
Jewellery
 n - an amulet of faith
Wands
 b - a wand of flame (6)
Scrolls
 c - 2 scrolls of teleportation
 f - 3 scrolls of identify {unknown}
 g - a scroll of magic mapping {unknown}
 h - a scroll of immolation {unknown}
 m - a scroll of summoning {unknown}
Potions
 e - a potion of curing {unknown}
 j - a potion of flight {unknown}
 k - a potion of might {unknown}


   Skills:
 + Level 1.2 Fighting
 + Level 1.2 Short Blades
 + Level 1.2 Long Blades
 + Level 1.2 Axes
 + Level 1.2 Maces & Flails
 + Level 1.2 Polearms
 + Level 8.6 Staves
 + Level 1.2 Ranged Weapons
 + Level 1.2 Throwing
 + Level 1.2 Armour
 + Level 1.2 Dodging
 + Level 4.3 Stealth
 + Level 1.2 Shields
 + Level 1.2 Unarmed Combat
 + Level 3.0 Spellcasting
 + Level 1.0 Conjurations
 + Level 1.0 Hexes
 + Level 1.0 Summonings
 + Level 1.0 Necromancy
 + Level 3.8 Translocations
 + Level 1.0 Transmutations
 + Level 1.0 Fire Magic
 + Level 1.0 Ice Magic
 + Level 1.0 Air Magic
 + Level 1.0 Earth Magic
 + Level 1.0 Poison Magic
 + Level 1.3 Invocations
 + Level 2.8 Evocations


You had 7 spell levels left.
You knew the following spells:

 Your Spells              Type           Power      Damage    Failure   Level
a - Apportation           Tloc           24%        N/A       4%          1
b - Magic Dart            Conj           16%        1d3       16%         1

Your spell library contained the following spells:

 Spells                   Type           Power      Damage    Failure   Level
 Call Imp                 Summ           8%         N/A       22%         2
 Portal Projectile        Hex/Tloc       16%        N/A       26%         3
 Mephitic Cloud           Conj/Pois/Air  4%         N/A       41%         3


Dungeon Overview and Level Annotations

Branches:
Dungeon (3/15)

Altars:
Uskayaw

Shops:
D:2 !


Innate Abilities, Weirdness & Mutations

You have very sharp teeth.
Your uncanny sense of smell can sniff out nearby items.
Your experience applies equally to all skills.


Message History

The jelly quivers.
You hit the endoplasm. Your bite misses the endoplasm.
The endoplasm is lightly wounded.
Something completely misses the fungus.
Something hits the fungus.
The jelly hits the fungus.
The fungus is splashed with acid.
The endoplasm hits you but does no damage.
You hit the endoplasm.
The endoplasm is moderately wounded.
The endoplasm freezes you.
You are frozen.
Something hits the fungus.
You hit the endoplasm.
The endoplasm is severely wounded.
You hit the endoplasm.
You kill the endoplasm!
A nearby fungus withers and dies.
An endoplasm comes into view.
The endoplasm quivers.
You hit the endoplasm.
You kill the endoplasm!
A jelly comes into view.
An endoplasm comes into view.
You completely miss the jelly. The jelly hits you but does no damage.
The jelly quivers.
You hit the jelly.
Your hands burn!
The jelly is lightly wounded.
The jelly barely misses you.
You hit the jelly. The acid corrodes you!
Your hands burn!
Your bite misses the jelly.
The jelly is moderately wounded.
The jelly barely misses you.
You hit the jelly.
Your hands burn!
The jelly is severely wounded.
The jelly hits you. The acid corrodes you!
You are splashed with acid.
You hit the jelly but do no damage.
Your hands burn!
* * * LOW HITPOINT WARNING * * *
You bite the jelly, but do no damage.
The jelly is severely wounded.
The jelly hits you.
* * * LOW HITPOINT WARNING * * *
The acid corrodes you!
You are splashed with acid!
You die...

∆ ∆ ..# ∆ ..#
.. ∆ P.# >.
..# ..## # ∆
∆ ∆ ..# ...#
# ..# #..
#####
#######J#
#.####.##....
##....)@#
#..........##
#.########
##.##.<#.###
∆ ##..'....#
#............
####....#
#..###>...###
#......(# .
####.)##
#.......#
##÷.)
#.......#
##..##
#.......#
##..<##
##....(##
##..#..#


You could see a jelly.

Vanquished Creatures
  2 adders (D:2)
  A worm (D:2)
  2 dart slugs
  An orc (D:3)
  7 endoplasms
  2 giant cockroaches
  3 goblins
  A hobgoblin (D:1)
  5 jackals
  11 kobolds
  3 quokkas
  7 ball pythons
  2 bats (D:1)
  3 frilled lizards
  4 rats
54 creatures vanquished.

Notes
Turn   | Place    | Note
-------+----------+-------------------------------------------
     0 | D:1      | GimliDwarf the Gnoll Wanderer began the quest for the Orb.
     0 | D:1      | GimliDwarf set off with the following items: a +2
                  | quarterstaff, a wand of flame (6), a scroll of
                  | teleportation, a +0 robe; and the following spell
                  | memorised: Apportation; and the following spells available
                  | to memorise: Portal Projectile.
     0 | D:1      | Reached XP level 1. HP: 13/13 MP: 4/4
    58 | D:1      | Reached XP level 2. HP: 8/19 MP: 5/5
   747 | D:2      | Reached XP level 3. HP: 17/25 MP: 7/7
   874 | D:2      | Reached skill level 1 in Invocations
   899 | D:2      | Found a faded altar of an unknown god.
  1031 | D:2      | Reached skill level 1 in Fighting
  1031 | D:2      | Reached skill level 1 in Short Blades
  1031 | D:2      | Reached skill level 1 in Long Blades
  1031 | D:2      | Reached skill level 1 in Axes
  1031 | D:2      | Reached skill level 1 in Maces & Flails
  1031 | D:2      | Reached skill level 1 in Polearms
  1031 | D:2      | Reached skill level 1 in Ranged Weapons
  1031 | D:2      | Reached skill level 1 in Throwing
  1031 | D:2      | Reached skill level 1 in Armour
  1031 | D:2      | Reached skill level 1 in Dodging
  1031 | D:2      | Reached skill level 1 in Shields
  1031 | D:2      | Reached skill level 1 in Unarmed Combat
  1240 | D:2      | Found a hide-covered altar of Uskayaw.
  1280 | D:2      | Reached XP level 4. HP: 30/32 MP: 8/8
  1302 | D:2      | Found Moupump's Distillery.
  1646 | D:3      | Learned a level 1 spell: Magic Dart
  1668 | D:3      | Noticed a scorpion
  1805 | D:2      | HP: 1/32 [poisoned by a kobold]
  2072 | D:3      | Reached skill level 1 in Conjurations
  2072 | D:3      | Reached skill level 1 in Hexes
  2072 | D:3      | Reached skill level 1 in Summonings
  2072 | D:3      | Reached skill level 1 in Necromancy
  2072 | D:3      | Reached skill level 1 in Transmutations
  2072 | D:3      | Reached skill level 1 in Fire Magic
  2072 | D:3      | Reached skill level 1 in Ice Magic
  2072 | D:3      | Reached skill level 1 in Air Magic
  2072 | D:3      | Reached skill level 1 in Earth Magic
  2072 | D:3      | Reached skill level 1 in Poison Magic
  2155 | D:3      | Splashed by a jelly's acid

Illustrated notes

Levels and vault maps discovered:
D:1:      roderic_octagonal_star, layout_loops_ring
D:2:      layout_loops_corners, shapermc_ecumenical_altar_petra, basic_altar,
          serial_shops, nicolae_shop_tiny_glass
D:3:      cheibrodos_fertilizer, layout_rooms, kennysheep_vampire_church,
          chequers_temple_overflow_statue_of_worship

Skill      XL: |  1  2  3  4 |
---------------+-------------+-----
Invocations    | 1 |  1.3
Fighting       | 1 |  1.2
Short Blades   | 1 |  1.2
Long Blades    | 1 |  1.2
Axes           | 1 |  1.2
Maces & Flails | 1 |  1.2
Polearms       | 1 |  1.2
Ranged Weapons | 1 |  1.2
Throwing       | 1 |  1.2
Armour         | 1 |  1.2
Dodging        | 1 |  1.2
Shields        | 1 |  1.2
Unarmed Combat | 1 |  1.2
Spellcasting   | 3 |  3.0
Conjurations   | 1 |  1.0
Hexes          | 1 |  1.0
Summonings     | 1 |  1.0
Necromancy     | 1 |  1.0
Transmutations | 1 |  1.0
Fire Magic     | 1 |  1.0
Ice Magic      | 1 |  1.0
Air Magic      | 1 |  1.0
Earth Magic    | 1 |  1.0
Poison Magic   | 1 |  1.0
Staves         | |  8.6
Stealth        | |  4.3
Translocations | |  3.8
Evocations     | |  2.8

Action                     |  1- 3 |  4- 6 || total
---------------------------+-------+-------++-------
  Melee: Quarterstaff      |    74 |    40 ||   114
         Bite              |     4 |     4 ||     8
   Cast: Magic Dart        |       |    17 ||    17
   Stab: Sleeping          |     6 |     2 ||     8
 Armour: Robe              |    13 |     6 ||    19
  Dodge: Dodged            |    39 |    22 ||    61
